 Dungeon Crawl Stone Soup version 0.31-a0-879-g1609e0ac53 (webtiles) character file.

Game seed: 10616520410529040556

140 Darius099 the Chopper (level 5, -2/45 HPs)
             Began as a Minotaur Fighter on Oct 14, 2023.
             Slain by a gnoll
             ... wielding a +0 spear
              (4 damage)
             ... on level 3 of the Dungeon.
             The game lasted 00:03:46 (2213 turns).

Darius099 the Chopper (Minotaur Fighter)            Turns: 2213, Time: 00:03:47

Health: -2/45      AC:  8    Str: 22    XL:     5   Next: 2%
Magic:  4/4        EV:  9    Int:  5    God:
Gold:   169        SH:  4    Dex: 10    Spells: 4/4 levels left

rFire   . . .        a - +0 war axe
rCold   . . .        c - +0 buckler
rNeg    . . .        b - +0 scale mail
rPois   .            (helmet restricted)
rElec   .            k - scarf {shadows}
rCorr   .            (no gloves)
SInv    .            i - +0 pair of boots
Will    .....        (no amulet) Stlth
                     (no ring)
HPRegen 0.27/turn    (no ring)
MPRegen 0.09/turn

%: no passive effects
@: no status effects
A: horns 2, retaliatory headbutt
a: no special abilities


You were on level 3 of the Dungeon.
You visited 1 branch of the dungeon, and saw 3 of its levels.

You collected 169 gold pieces.

Inventory:

Hand Weapons
 a - a +0 war axe (weapon)
Missiles
 h - 2 throwing nets
Armour
 b - a +0 scale mail (worn)
 c - a +0 buckler (worn)
 i - a +0 pair of boots (worn)
 k - a scarf of shadows (worn)
Wands
 o - a wand of acid (8)
Scrolls
 g - 2 scrolls of noise {unknown}
 m - a scroll of enchant armour {unknown}
 p - a scroll of poison {unknown}
Potions
 d - a potion of might
 e - a potion of invisibility {unknown}
 f - a potion of brilliance {unknown}
 j - a potion of curing {unknown}
 l - a potion of heal wounds {unknown}
 n - 2 potions of mutation {unknown}


   Skills:
 - Level 3.6 Fighting
 + Level 6.3 Axes
 - Level 3.6 Armour
 - Level 3.6 Shields


You had 4 spell levels left.
You didn't know any spells.
Your spell library contained the following spells:

 Spells                   Type           Power      Damage    Failure   Level
 Sandblast                Erth           0%         2d4       86%         1
 Passwall                 Tmut/Erth      0%         N/A       95%         2
 Stone Arrow              Conj/Erth      0%         3d7       99%         3
 Brom's Barrelling Bould  Conj/Erth      0%         2d3       100%        4


Dungeon Overview and Level Annotations

Branches:
Dungeon (3/15)

Altars:


Innate Abilities, Weirdness & Mutations

You have a pair of horns on your head.
You reflexively headbutt those who attack you in melee.


Message History

No target in view!
Found a robe.
A gnoll comes into view. It is wielding a +0 spear.
The gnoll shouts!
You hear a shout! x2
The gnoll throws a throwing net.
The throwing net hits you.
You become entangled in the net!
You see here a throwing net.
A gnoll is nearby!
You struggle against the net.
You tear a large gash into the net.
You rip the net and break free!
A gnoll comes into view.
It is wielding a +1 spear of distortion.
A gnoll comes into view. It is wielding a +0 spear.
The gnoll completely misses you.
A gnoll comes into view. It is wielding a +0 spear.
The gnoll hits you but does no damage. Space warps around you.
You block the gnoll's attack.
You hit the gnoll but do no damage. x2; The gnoll closely misses you. x2
You block the gnoll's attack.
The gnoll hits you from afar with a +0 spear.
The gnoll hits you but does no damage.
You hit the gnoll.
The gnoll is heavily wounded.
You slash the gnoll! The gnoll misses you.
The gnoll hits you but does no damage.
You blink.
The gnoll hits you but does no damage.
You slash the gnoll!
You kill the gnoll!
You slash the gnoll! The gnoll hits you but does no damage.
You block the gnoll's attack.
You hit the gnoll.
You kill the gnoll!
The gnoll hits you but does no damage. Space warps horribly around you!
The gnoll hits you but does no damage.
You have reached level 5!
The gnoll hits you with a +1 spear of distortion.
Space warps horribly around you!
* * * LOW HITPOINT WARNING * * *
The gnoll hits you with a +0 spear.
You die...

....#######'#####+#####.#.#
....##..............##..#.#
....##..............#...#..
######..............#.#.#########
#..............#.#..........
#..)...........#.)..#####...
#..............<.÷..# #...
#........).....#....# #...
#.........)@g..#....# #... .
#...........g..#....# #...
.#####..............#....# #...
....##†..................# #..#
.....................#...# #..#
.##'##...............# #..#
##.###....#########.# ######..#
#8.8###........# #.# #........
###.## ##..####.# #.# #.......#


You could see 2 gnolls.

Vanquished Creatures
  Crazy Yiuf (D:2)
  2 gnolls (D:3)
  3 adders
  A worm (D:3)
  3 dart slugs
  10 endoplasms
  A giant cockroach (D:1)
  3 goblins
  8 hobgoblins
  2 jackals (D:1)
  4 quokkas
  6 ball pythons
  3 bats
  5 frilled lizards
  4 kobolds
  2 rats
58 creatures vanquished.

Notes
Turn   | Place    | Note
-------+----------+-------------------------------------------
     0 | D:1      | Darius099 the Minotaur Fighter began the quest for the Orb.
     0 | D:1      | Reached XP level 1. HP: 19/19 MP: 0/0
    61 | D:1      | Reached skill level 3 in Axes
   114 | D:1      | Reached XP level 2. HP: 26/26 MP: 1/1
   313 | D:1      | Reached skill level 4 in Axes
   737 | D:2      | Reached XP level 3. HP: 31/31 MP: 2/2
  1223 | D:2      | Reached skill level 5 in Axes
  1375 | D:2      | Found a runed translucent door.
  1376 | D:2      | Noticed Crazy Yiuf
  1381 | D:2      | Killed Crazy Yiuf
  1382 | D:2      | Reached XP level 4. HP: 39/39 MP: 3/3
  2017 | D:3      | Reached skill level 6 in Axes
  2213 | D:3      | Reached XP level 5. HP: 23/45 MP: 4/4
  2213 | D:3      | HP: 2/45 [gnoll/+1 spear of distortion (15)]
  2213 | D:3      | Slain by a gnoll

Illustrated notes

Levels and vault maps discovered:
D:1:      giann_horns, layout_loops_ring
D:2:      layout_basic, minmay_misc_feat_five, st_stairs_13,
          chequers_serial_rivers_large_a, uniq_crazy_yiuf_cottage
D:3:      layout_basic, tgw_sif, wad_orctagon, uniq_terence

Skill      XL: |  1  2  3  4 |
---------------+-------------+-----
Axes           | 3 4 5 6 |  6.3
Fighting       | |  3.6
Armour         | |  3.6
Shields        | |  3.6

Action                     |  1- 3 |  4- 6 || total
---------------------------+-------+-------++-------
  Melee: War axe           |    65 |    43 ||   108
         Headbutt          |    11 |     3 ||    14
 Armour: Scale mail        |    34 |    34 ||    68
  Dodge: Dodged            |    32 |    22 ||    54
  Block: Buckler           |     6 |    12 ||    18

Table legend: (Time is in decaauts)
 A = Elapsed time spent in this place.
 B = Non-inter-level travel time spent in this place.
 C = Inter-level travel time spent in this place.
 D = Time resting spent in this place.
 E = Time spent auto-exploring this place.
 F = Levels seen in this place.
 G = Mean time per level.
                   A        B        C        D        E       F      G
               +--------+--------+--------+--------+--------+-----+--------+
         Total |   2253 |   2157 |     96 |     67 |   1651 |   3 |  751.0 |
       Dungeon |   2253 |   2157 |     96 |     67 |   1651 |   3 |  751.0 |
               +--------+--------+--------+--------+--------+-----+--------+

Top non-repeatable levels by time:
     D:2: 1124 daAuts
     D:1: 742 daAuts
     D:3: 386 daAuts
